 Dungeon Crawl Stone Soup version 0.22.1-6-g1668fe2c40 (webtiles) character file.

96 Gaplan the Chopper (level 4, -2/38 HPs)
             Began as a Minotaur Gladiator on Jan 22, 2019.
             Slain by a centaur
             ... wielding a cursed -3 shortbow
              (3 damage)
             ... on level 3 of the Dungeon.
             The game lasted 00:03:21 (1751 turns).

Gaplan the Chopper (Minotaur Gladiator)             Turns: 1751, Time: 00:03:21

Health: -2/38      AC:  3    Str: 20    XL:     4   Next: 41%
Magic:  3/3        EV: 13    Int:  5    God:
Gold:   130        SH:  0    Dex: 11    Spells: 3/3 levels left

rFire    . . .     SeeInvis .   a - +0 war axe
rCold    . . .     Gourm    .   (no shield)
rNeg     . . .     Faith    .   b - +0 leather armour
rPois    .         Spirit   .   c - +0 hat
rElec    .         Reflect  .   (no cloak)
rCorr    .         Harm     .   (no gloves)
MR       .....                  (no boots)
Stlth    +.........             (no amulet)
HPRegen  0.12/turn              (no ring)
MPRegen  0.08/turn              (no ring)

@: no status effects
A: retaliatory headbutt, horns 2
a: no special abilities


You were on level 3 of the Dungeon.
You were not hungry.

You visited 1 branch of the dungeon, and saw 3 of its levels.

You collected 130 gold pieces.

Inventory:

Hand Weapons
 a - a +0 war axe (weapon)
Missiles
 d - 3 throwing nets (quivered)
Armour
 b - a +0 leather armour (worn)
 c - a +0 hat (worn)
Jewellery
 u - an uncursed amulet of magic regeneration {unknown}
Wands
 m - a wand of clouds (5)
 n - a wand of polymorph (12)
 q - a wand of acid (8)
Scrolls
 e - a scroll of noise {unknown}
 g - a scroll of immolation {unknown}
 h - 2 scrolls of remove curse
 i - 2 scrolls of amnesia
 j - 4 scrolls of identify
 l - a scroll of teleportation
 o - a scroll of enchant armour {unknown}
 s - 2 scrolls of magic mapping
 t - a scroll of fear {unknown}
Potions
 k - a potion of curing {unknown}
 r - 2 potions of flight {unknown}
Comestibles
 f - 6 rations
 p - 6 chunks of flesh


   Skills:
 + Level 3.0 Fighting
 + Level 5.0 Axes
 + Level 2.0 Throwing
 + Level 1.4 Armour
 + Level 4.1 Dodging


You had 3 spell levels left.
You didn't know any spells.
Your spell library was empty.

Dungeon Overview and Level Annotations

Branches:
Dungeon (3/15)

Altars:


Innate Abilities, Weirdness & Mutations

You reflexively headbutt those who attack you in melee.
You have a pair of horns on your head.


Message History

The centaur shouts!
The centaur wields a glowing shortbow.
The centaur shoots an arrow.
The arrow hits you.
You see here an arrow.
A centaur is nearby!
The centaur shoots an arrow.
The arrow hits you!
You see here an arrow.
The centaur shoots an arrow.
The arrow hits you.
The centaur shoots an arrow.
The arrow hits you.
You see here 2 arrows.
The centaur shoots an arrow.
The arrow hits you.
You see here an arrow.
The centaur shoots an arrow.
The arrow hits you!
You see here an arrow.
The centaur shoots an arrow.
The arrow hits you but does no damage.
The centaur shoots an arrow.
The arrow hits you!
* * * LOW HITPOINT WARNING * * *
You see here 2 arrows.
The centaur hits you with an enchanted shortbow.
You die...

##.##....###.#####.#
#............# #.#
#........(##.# #..
#.......(.##.# #.#
#......(..##.#####.#
#.....(...##........
#....(....##########
#...(.....#.......##
#..@......#.......#
#..c......#.......#
####.#..#.#.......##
#.#.##.#.........
#......#...<>.[.)
###.##....[......
*.*#.####..#..#
*,#*,*........#
*,,,,...##.#..#


You could see a centaur.

Vanquished Creatures
  Robin (D:2)
  2 adders
  3 worms
  A dart slug (D:2)
  A leopard gecko (D:2)
  2 giant cockroaches (D:2)
  13 goblins (D:2)
  9 hobgoblins
  4 jackals (D:2)
  6 bats
  A frilled lizard (D:1)
  3 kobolds
  8 rats
54 creatures vanquished.

Notes
Turn   | Place    | Note
-------+----------+-------------------------------------------
     0 | D:1      | Gaplan the Minotaur Gladiator began the quest for the Orb.
     0 | D:1      | Reached XP level 1. HP: 18/18 MP: 0/0
   205 | D:1      | Reached skill level 4 in Axes
   207 | D:1      | Reached XP level 2. HP: 24/25 MP: 1/1
   884 | D:2      | Reached XP level 3. HP: 30/30 MP: 2/2
  1001 | D:2      | Noticed Robin
  1009 | D:2      | Killed Robin
  1009 | D:2      | Reached skill level 1 in Armour
  1011 | D:2      | Reached XP level 4. HP: 22/37 MP: 3/3
  1608 | D:3      | Reached skill level 5 in Axes
  1745 | D:3      | Noticed a centaur
  1750 | D:3      | HP: 1/38 [centaur/arrow (11)]
  1751 | D:3      | Slain by a centaur

Skill      XL: |  1  2  3  4 |
---------------+-------------+-----
Axes           | 4 5 |  5.0
Armour         | 1 |  1.4
Dodging        | 4 |  4.1
Fighting       | 3 |  3.0
Throwing       | |  2.0

Action                   |  1- 3 |  4- 6 || total
-------------------------+-------+-------++-------
Melee: War axe           |    74 |    28 ||   102
       Headbutt          |     6 |     2 ||     8
  Use: Scroll            |       |     4 ||     4
  Eat: Chunk             |       |     3 ||     3
Armor: Leather armour    |    18 |     5 ||    23
Dodge: Dodged            |    71 |    25 ||    96
